 Dungeon Crawl Stone Soup version 0.20-a0-1124-g2e29d97 (webtiles) character file.

13778 Angani the Thaumaturge (level 11, -6/86 HPs)
             Began as a Purple Draconian Earth Elementalist on May 16, 2017.
             Was an Elder of Elyvilon.
             Mangled by a yaktaur (19 damage)
             ... led by a yaktaur captain
             ... on level 8 of the Dungeon.
             The game lasted 01:09:30 (20262 turns).

Angani the Thaumaturge (DrEE)                      Turns: 20262, Time: 01:09:31

Health: -6/86      AC: 10    Str: 12    XL:     11   Next: 80%
Magic:  1/29       EV: 14    Int: 20    God:    Elyvilon [****..]
Gold:   504        SH:  0    Dex: 11    Spells: 15/38 levels left

rFire    + + .     SeeInvis .   z - +6 scimitar "Adith" {venom, rF+ Int+2}
rCold    . . .     Gourm    .   (no shield)
rNeg     . . .     Faith    .   (armour unavailable)
rPois    +         Spirit   .   (helmet restricted)
rElec    .         Reflect  .   j - +2 cloak {rPois}
rCorr    .         Harm     .   (no gloves)
MR       +....                  (no boots)
Stlth    ++........             (no amulet)
Regen    0.3/turn               g - ring of fire
MPRegen  0.3/turn               r - ring of protection from cold

@: no status effects
A: breathe power, unfitting armour, sense surroundings 1, evolution 1,
cold-blooded, AC +7
a: Breathe Dispelling Energy, Lesser Healing, Heal Other, Purification, Greater
Healing, Divine Protection, Renounce Religion


You were on level 8 of the Dungeon.
You worshipped Elyvilon.
Elyvilon was greatly pleased with you.
You were very hungry.

You visited 1 branch of the dungeon, and saw 9 of its levels.
You also visited: Ossuary.

You collected 504 gold pieces.

Inventory:

Hand Weapons
 z - the +6 scimitar "Adith" (weapon) {venom, rF+ Int+2}
   (You took it off a wight on level 9 of the Dungeon)

   It poisons the flesh of those it strikes.
   It affects your intelligence (+2).
   It protects you from fire.
Missiles
 e - 286 stones (quivered)
 B - 5 throwing nets
Armour
 j - a +2 cloak of poison resistance (worn)
Jewellery
 g - a ring of fire (left hand)
 r - a ring of protection from cold (right hand)
 x - a cursed ring of loudness {unknown}
Wands
 u - a wand of digging (7/24)
 y - a wand of flame (12/48)
 A - a wand of iceblast (9/15)
Scrolls
 a - 4 scrolls of amnesia
 f - 5 scrolls of teleportation
 h - 4 scrolls of enchant weapon
 i - a scroll of remove curse
 l - a scroll of enchant armour {unknown}
 m - a scroll of fog
 s - a scroll of recharging
 C - 3 scrolls of identify
Potions
 d - a potion of might
 k - 4 potions of brilliance
 o - 2 potions of cancellation
 t - 2 potions of flight
 v - 2 potions of haste
 w - a potion of invisibility
Comestibles
 b - 7 royal jellies
 c - 5 bread rations
 n - 4 meat rations
 q - a fruit


   Skills:
 - Level 5.1 Fighting
 + Level 5.2 Long Blades
 - Level 5.6 Dodging
 - Level 1.7 Stealth
 - Level 14.0 Spellcasting
 - Level 4.8 Conjurations
 - Level 1.0 Transmutations
 - Level 8.0 Earth Magic
 - Level 5.9 Invocations


You had 15 spell levels left.
You knew the following spells:

 Your Spells              Type           Power        Failure   Level  Hunger
a - Sandblast             Erth           #####.       1%          1    None
b - Stone Arrow           Conj/Erth      #####.       1%          3    None
c - Passwall              Tmut/Erth      ####......   1%          2    None
d - Lee's Rapid Deconstr  Erth           #####.....   4%          5    ###....
e - Petrify               Tmut/Erth      ####....     7%          4    None
f - Blink                 Tloc           N/A          7%          2    None
g - Conjure Flame         Conj/Fire      #####...     4%          3    None
h - Mephitic Cloud        Conj/Pois/Air  ###.....     7%          3    None


Dungeon Overview and Level Annotations

Branches:
Dungeon (9/15)             Temple (0/1) D:6            Lair (0/6) D:8
    Orc: D:9-12

Altars:
Ashenzari
Cheibriados
Elyvilon
Nemelex Xobeh
Vehumet
Xom
The Shining One

Shops:
D:5 =


Innate Abilities, Weirdness & Mutations

You can breathe bolts of dispelling energy.
Your rich purple scales are hard. (AC +7)
You cannot fit into any form of body armour.
You are cold-blooded and may be slowed by cold attacks.
You passively map a small area around you.
You evolve.


Message History

The yaktaur captain looks as sick as possible!
The yaktaur captain is almost dead.
The yaktaur hits you.
* * * LOW HITPOINT WARNING * * *
Unknown command.
The helpless yaktaur captain fails to defend itself.
You slash the yaktaur captain!
The yaktaur captain looks as sick as possible!
You tail-slap the yaktaur captain, but do no damage.
The yaktaur captain is almost dead.
The yaktaur captain is no longer petrified.
The yaktaur captain completely misses you.
You hit the yaktaur captain.
The yaktaur captain looks as sick as possible!
You tail-slap the yaktaur captain.
The yaktaur captain is almost dead.
The yaktaur hits you!
* * * LOW HITPOINT WARNING * * *
The yaktaur hits you!!
You die...

.................................
###...#....#.....###.............
...............#.###...##........
.......#.c.......##....##.#...##.
.......#.......#####...##.#...##.
.......#...c...........##.#...##.
......[#......####...####.....##.
.....[.........##(....##......##.
(.[............#@c.....#....)....
(..............#ccP....#..>......
..............>.)................
.......#................#........
###...##...........>.............
.................(...........####
...).......####.)P.....(##.......
............# ##.P..P..#.))......
....[.......# #.......###......#


You could see a yaktaur captain and 2 yaktaurs.

Vanquished Creatures
  A two-headed ogre (D:8)
  A queen ant (D:9)
  2 skeletal warriors (D:9)
  A spiny frog (D:8)
  2 yaktaurs (D:8)
  A queen bee (D:8)
  2 trolls (D:9)
  A hornet (D:8)
  The ghost of Naow the Firebug, an amateur OpFE (D:4)
  Sigmund (D:2)
  A shadow (D:8)
  A yak (D:9)
  A hungry ghost (D:8)
  Menkaure (D:4)
  7 soldier ants (D:9)
  3 wargs
  Duvessa (D:4)
  3 ice beasts
  A sky beast (D:8)
  9 orc warriors
  3 slaves (D:4)
  2 black bears
  4 ogres
  A necrophage (D:7)
  An eye of draining (D:8)
  The ghost of tilp the Firebug, an amateur HOFE (D:3)
  2 centaurs
  Blork the orc (D:6)
  3 big kobolds
  2 elf zombies (Ossuary)
  6 bullfrogs
  5 scorpions
  Dowan (D:4)
  21 killer bees
  8 wights
  3 howler monkeys
  4 crimson imps
  A centaur zombie (Ossuary)
  A quasit (D:8)
  A human zombie (Ossuary)
  5 jellies
  Crazy Yiuf (D:4)
  A bullfrog skeleton (D:5)
  10 orc priests
  4 gnoll shamans (D:6)
  8 hounds
  12 orc wizards
  6 iguanas
  Natasha (thrice) (D:2)
  24 worker ants
  2 big kobold zombies (Ossuary)
  2 hound zombies
  3 hound skeletons
  2 mummies (Ossuary)
  2 worker ant zombies
  13 adders
  41 gnolls
  2 shadow imps
  2 adder skeletons
  5 adder zombies
  7 worms
  A dart slug (D:1)
  10 leopard geckos
  50 orcs
  11 bats
  7 giant cockroaches
  13 goblins
  7 hobgoblins
  22 jackals
  19 kobolds
  12 quokkas
  A ball python (D:4)
  4 frilled lizards
  2 goblin zombies
  12 hobgoblin zombies (Ossuary)
  A jackal zombie (Ossuary)
  10 kobold zombies (Ossuary)
  4 leopard gecko skeletons
  4 orc zombies (Ossuary)
  9 rats
  A rat zombie (D:6)
  A plant (D:6)
468 creatures vanquished.

Vanquished Creatures (collateral kills)
  A killer bee (D:8)
1 creature vanquished.

Vanquished Creatures (others)
  A leopard gecko (D:6)
1 creature vanquished.

Grand Total: 470 creatures vanquished

Notes
Turn   | Place    | Note
-------+----------+-------------------------------------------
     0 | D:1      | Angani the Draconian Earth Elementalist began the quest for the Orb.
     0 | D:1      | Reached XP level 1. HP: 14/14 MP: 3/3
   198 | D:1      | Reached XP level 2. HP: 20/20 MP: 3/5
   781 | D:2      | Noticed Natasha
   811 | D:2      | Noticed Sigmund
   974 | D:2      | Reached skill level 1 in Fighting
   974 | D:2      | Reached XP level 3. HP: 28/28 MP: 2/6
  1039 | D:2      | Learned a level 3 spell: Stone Arrow
  1308 | D:3      | Noticed tilp's ghost (amateur HOFE)
  1320 | D:3      | Noticed a centaur
  1344 | D:4      | Noticed Menkaure
  1351 | D:3      | Reached skill level 1 in Conjurations
  1554 | D:2      | Killed Natasha
  1554 | D:2      | Reached XP level 4. HP: 27/35 MP: 0/7
  2225 | D:2      | Killed Sigmund
  2225 | D:2      | Reached XP level 5. HP: 32/40 MP: 1/8
  2932 | D:2      | Noticed Natasha
  2973 | D:2      | Killed Natasha
  2973 | D:2      | Reached XP level 6. HP: 46/47 MP: 5/9
  3039 | D:2      | Noticed Natasha
  3049 | D:2      | Killed Natasha
  3436 | D:3      | Reached skill level 3 in Spellcasting
  3822 | D:3      | Reached skill level 4 in Spellcasting
  4109 | D:3      | Your scales start taking on a rich purple colour.
  4109 | D:3      | Reached skill level 5 in Spellcasting
  4109 | D:3      | Reached XP level 7. HP: 20/52 MP: 1/15
  4756 | D:3      | Killed tilp's ghost
  4756 | D:3      | Reached skill level 6 in Spellcasting
  4922 | D:4      | Noticed Naow's ghost (amateur OpFE)
  4967 | D:4      | Killed Menkaure
  4967 | D:4      | Reached skill level 7 in Spellcasting
  5293 | D:4      | Noticed Dowan
  5311 | D:4      | Killed Dowan
  5311 | D:4      | Reached skill level 8 in Spellcasting
  5311 | D:4      | Reached XP level 8. HP: 52/59 MP: 10/20
  5647 | D:4      | Noticed Duvessa
  5950 | D:4      | Killed Duvessa
  6091 | D:4      | Reached skill level 9 in Spellcasting
  6151 | D:4      | Found a shimmering altar of Xom.
  6162 | D:4      | You fall through a shaft for 3 floors!
  6806 | D:6      | Reached skill level 5 in Earth Magic
  7199 | D:6      | Found a sand-covered staircase.
  7206 | Ossuary  | Entered an ossuary
  7473 | Ossuary  | Reached XP level 9. HP: 44/64 MP: 22/22
  7919 | Ossuary  | Gained mutation: Your tail ends in a poisonous barb. [potion of mutation]
  7919 | Ossuary  | Gained mutation: You have an increased reservoir of magic. (+10% MP) [potion of mutation]
  7919 | Ossuary  | Gained mutation: You evolve. [potion of mutation]
  7982 | D:5      | Entered Level 5 of the Dungeon
  7982 | D:5      | Found a white marble altar of Elyvilon.
  8005 | D:5      | Became a worshipper of Elyvilon the Healer
  8326 | D:5      | Found Olufesch's Jewellery Boutique.
  8510 | D:5      | Reached * piety under Elyvilon
  8635 | D:5      | Found a radiant altar of Vehumet.
  8976 | D:5      | Learned a level 2 spell: Passwall
  8982 | D:5      | Learned a level 5 spell: Lee's Rapid Deconstruction
  8987 | D:5      | Learned a level 4 spell: Petrify
 10098 | D:4      | Killed Naow's ghost
 10222 | D:4      | Found a runed door.
 10226 | D:4      | Noticed Crazy Yiuf
 10228 | D:4      | Killed Crazy Yiuf
 10352 | D:5      | Reached skill level 10 in Spellcasting
 11258 | D:6      | Reached skill level 11 in Spellcasting
 11641 | D:6      | Reached ** piety under Elyvilon
 11659 | D:6      | Noticed Blork the orc
 11678 | D:6      | Killed Blork the orc
 11848 | D:6      | Found a staircase to the Ecumenical Temple.
 11983 | D:6      | Found a sparkling altar of Nemelex Xobeh.
 12577 | D:7      | Reached XP level 10. HP: 64/71 MP: 5/28
 12813 | D:7      | Reached skill level 12 in Spellcasting
 13385 | D:7      | Lost mutation: You have an increased reservoir of magic. (+10% MP) [evolution]
 13521 | D:7      | Learned a level 2 spell: Blink
 13525 | D:7      | Learned a level 3 spell: Conjure Flame
 13529 | D:7      | Learned a level 3 spell: Mephitic Cloud
 13840 | D:7      | Found a glowing golden altar of the Shining One.
 13856 | D:7      | Reached *** piety under Elyvilon
 14922 | D:8      | Reached skill level 13 in Spellcasting
 15108 | D:8      | Noticed a two-headed ogre
 15131 | D:8      | Killed a two-headed ogre
 15583 | D:8      | Found a staircase to the Lair.
 15613 | D:8      | Reached skill level 14 in Spellcasting
 15803 | D:8      | Reached skill level 1 in Invocations
 16651 | D:8      | Reached skill level 5 in Invocations
 17010 | D:8      | Reached XP level 11. HP: 75/77 MP: 20/29
 17123 | D:8      | Found a snail-covered altar of Cheibriados.
 17265 | D:8      | Reached **** piety under Elyvilon
 17325 | D:7      | Lost mutation: Your tail ends in a poisonous barb. [evolution]
 18216 | D:8      | Found a shattered altar of Ashenzari.
 18759 | D:9      | Reached skill level 5 in Fighting
 19266 | D:9      | Noticed a queen ant
 19301 | D:9      | Killed a queen ant
 19301 | D:9      | Reached skill level 5 in Dodging
 19341 | D:9      | Got an ancient scimitar {venom}
 19526 | D:9      | Identified the +6 scimitar "Adith" {venom, rF+ Int+2} (You took it off a wight on level 9 of the Dungeon)
 19655 | D:9      | Reached skill level 1 in Long Blades
 19804 | D:9      | Gained mutation: You passively map a small area around you. [evolution]
 19934 | D:9      | Noticed a skeletal warrior
 19954 | D:9      | Killed a skeletal warrior
 20044 | D:9      | Noticed a skeletal warrior
 20045 | D:9      | Noticed a skeletal warrior
 20057 | D:9      | Killed a skeletal warrior
 20234 | D:8      | Noticed a yaktaur captain
 20256 | D:8      | Reached skill level 5 in Long Blades
 20262 | D:8      | Mangled by a yaktaur

Vault maps used:
D:1:      doesnt_arrival_eight_statues, corexii_corridor_pit,
          hangedman_decor_points
D:2:      kennysheep_the_goblin_king, uniq_sigmund, uniq_natasha
D:3:      first_bread
D:4:      dk_xom_monty_hall, uniq_duvessa, uniq_crazy_yiuf_cottage,
          uniq_menkaure, uniq_pikel
D:5:      vehumet_altar_wand_db, serial_shops, nicolae_shop_behind_doors,
          elyvilon_altar_5
D:6:      lemuel_castle_with_subvaults, nemelex_altar_shiori, temple_hall,
          enter_ossuary_4, st_stairs_10, lexackson_kobold_supper,
          uniq_blork_the_orc
D:7:      tso_metal_star
D:8:      slow_altar_2, erik_lair_orcish_takeover, special_room, david_nohive_1,
          cheibrodos_ashenzari_chains
D:9:      grunt_gozag_statues, minmay_another_anthill
Ossuary:  ossuary_tomb_1

Skill      XL: |  1  2  3  4  5  6  7  8  9 10 11 |
---------------+----------------------------------+-----
Dodging        | 2 3 5 |  5.6
Fighting       | 1 5 |  5.1
Conjurations   | 2 4 |  4.8
Spellcasting   | 5 8 9 11 14 | 14.0
Earth Magic    | 6 8 |  8.0
Invocations    | 5 |  5.9
Long Blades    | 5 |  5.2
Stealth        | |  1.7
Transmutations | |  1.0

Action                   |  1- 3 |  4- 6 |  7- 9 | 10-12 || total
-------------------------+-------+-------+-------+-------++-------
Melee: Unarmed           |    41 |    16 |       |       ||    57
       Tailslap          |     1 |    26 |    95 |    60 ||   182
       Dagger            |       |   179 |       |       ||   179
       Spear             |       |    38 |   863 |   753 ||  1654
       Scimitar          |       |       |       |    36 ||    36
 Cast: Sandblast         |    39 |    20 |       |       ||    59
       Stone Arrow       |     2 |    20 |    59 |    79 ||   160
       Petrify           |       |       |     7 |    44 ||    51
       Lee's Rapid Decon |       |       |     6 |    27 ||    33
       Conjure Flame     |       |       |       |    26 ||    26
       Mephitic Cloud    |       |       |       |     4 ||     4
       Blink             |       |       |       |     8 ||     8
Invok: Lesser Healing    |       |       |       |     1 ||     1
       Greater Healing   |       |       |       |     1 ||     1
 Abil: Breathe Dispellin |       |       |    10 |    11 ||    21
Evoke: Wand              |       |       |     3 |       ||     3
  Use: Scroll            |     6 |       |    15 |     2 ||    23
       Potion            |       |     2 |     4 |     3 ||     9
 Stab: Sleeping          |       |       |     3 |     2 ||     5
       Paralysed         |       |       |     9 |       ||     9
       Petrified         |       |       |       |   122 ||   122
       Confused          |       |       |       |     2 ||     2
       Distracted        |       |       |       |     1 ||     1
       Petrifying        |       |       |       |     1 ||     1
  Eat: Chunk             |     2 |    11 |    29 |    30 ||    72
       Fruit             |       |       |     1 |     4 ||     5
       Royal jelly       |       |       |     1 |       ||     1
Armor: Skin              |    33 |    89 |   217 |   224 ||   563
Dodge: Dodged            |    54 |   178 |   527 |   404 ||  1163
       Rpst.: Scimitar   |       |       |       |     8 ||     8
